 Dungeon Crawl Stone Soup version 0.19.1-1-g22dce08 (webtiles) character file.

47027 Queen the Shatterer (level 14, -21/72 HPs)
             Began as a Gargoyle Gladiator on Jan 12, 2017.
             Was the Champion of Okawaru.
             Blown up by an orb spider (33 damage)
             ... with an orb of destruction
             ... on level 1 of the Spider Nest.
             The game lasted 01:14:58 (14689 turns).

Queen the Shatterer (Gargoyle Gladiator)           Turns: 14689, Time: 01:14:59

Health: -21/72     AC: 34    Str: 18 (20) XL:     14   Next: 40%
Magic:  14/14      EV:  6    Int:  6 (7)  God:    Okawaru [******]
Gold:   1002       SH:  7    Dex: 16      Spells: 0 memorised, 13 levels left

rFire  . . .     SeeInvis .     e - +6 flail of Ozxyps {drain, rC+ MR+ Int-2 Dex+2}
rCold  + + +     Gourm    .     q - +6 chain mail "Tanac" {rC++ Slay+3}
rNeg   + + .     Faith    .     w - +0 shield {rN+}
rPois  ∞         Spirit   .     c - +0 helmet
rElec  +         Reflect  .     j - +2 cloak {rPois}
rCorr  .         Harm     .     (no gloves)
MR     +++..                    N - +2 pair of boots
Stlth  ..........               p - amulet of regeneration
                                y - ring of protection from cold
                                G - ring of protection from magic

@: no status effects
A: big wings, negative energy resistance 1, electricity resistance, unbreathing,
petrification resistance, rot immunity, AC +9
a: Fly, Heroism, Finesse, Renounce Religion


You were on level 1 of the Spider Nest.
You worshipped Okawaru.
Okawaru was exalted by your worship.
You were hungry.

You visited 4 branches of the dungeon, and saw 17 of its levels.
You also visited: Sewer and Ice Cave.

You collected 1002 gold pieces.

Inventory:

Hand Weapons
 e - the +6 flail of Ozxyps (weapon) {drain, rC+ MR+ Int-2 Dex+2}
   (You found it on level 4 of the Dungeon)

   A truly terrible weapon, it drains the life of those it strikes.
   It affects your intelligence (-2).
   It affects your dexterity (+2).
   It protects you from cold.
   It affects your resistance to hostile enchantments.
 E - a +1 great mace of protection
 S - a +1 dire flail of crushing
Missiles
 D - a throwing net
 F - 2 tomahawks
 L - 7 steel javelins (quivered)
 V - 9 javelins of penetration
Armour
 c - a +0 helmet (worn)
 j - a +2 cloak of poison resistance (worn)
 q - the +6 chain mail "Tanac" (worn) {rC++ Slay+3}
   (You found it on level 5 of the Lair of Beasts)

   It affects your accuracy and damage with ranged weapons and melee attacks
   (+3).
   It greatly protects you from cold.
 w - a +0 shield of positive energy (worn)
 N - a +2 pair of boots (worn)
Jewellery
 k - an uncursed ring of ice
 p - an amulet of regeneration (around neck)
 y - a ring of protection from cold (right hand)
 G - a ring of protection from magic (left hand)
 R - a +2 ring of dexterity
Wands
 d - a wand of acid (5/15)
 B - a wand of random effects (6/48)
 K - a wand of polymorph (8/24)
Scrolls
 g - 2 scrolls of recharging
 m - 3 scrolls of enchant armour
 n - 7 scrolls of remove curse
 r - 5 scrolls of teleportation
 v - a scroll of blinking
 x - 2 scrolls of enchant weapon {unknown}
 A - 2 scrolls of magic mapping {unknown}
 H - a scroll of identify
 J - a scroll of amnesia {unknown}
 P - a scroll of silence {unknown}
 X - a scroll of fear
 Y - a scroll of summoning {unknown}
Potions
 i - 3 potions of resistance
 s - 5 potions of flight
 t - 5 potions of curing
 u - a potion of might
 z - a potion of haste {unknown}
 C - 3 potions of agility
 I - a potion of heal wounds
 M - 2 potions of cure mutation
 Q - 7 potions of brilliance
 U - a potion of ambrosia {unknown}
Comestibles
 a - 6 beef jerkies
 b - 5 meat rations
 f - 13 bread rations
 h - 9 fruits
 l - 3 slices of pizza
 o - 13 royal jellies


   Skills:
 - Level 2.3 Fighting
 - Level 21.4 Maces & Flails
 - Level 2.0 Throwing
 + Level 7.9 Armour
 - Level 2.4 Dodging


You had 13 spell levels left.
You didn't know any spells.

Dungeon Overview and Level Annotations

Branches:
Dungeon (9/15)             Temple (1/1) D:6            Lair (6/6) D:9
  Swamp (0/4) Lair:3       Spider (1/4) Lair:4        Slime (0/5) Lair:6
    Orc: D:9-12

Altars:
Ashenzari
Cheibriados
Dithmenos
Elyvilon
Fedhas
Gozag
Hepliaklqana
Kikubaaqudgha
Makhleb
Nemelex Xobeh
Okawaru
Qazlal
Ru
Sif Muna
Trog
Uskayaw
Vehumet
Xom
Yredelemnul
Zin
The Shining One
Jiyva


Innate Abilities, Weirdness & Mutations

You are resistant to torment.
Your stone body is resilient. (AC +9)
You are immune to poison.
Your large and strong wings let you fly indefinitely.
You resist negative energy. (rN+)
You are resistant to electric shocks. (rElec)
You can survive without breathing.
You are immune to petrification.
You are immune to rotting.


Message History

An orb of destruction comes into view.
You see here an inedible chunk of flesh.
The orb of destruction hits you!
* * * LOW HITPOINT WARNING * * *
The orb spider spins a strand of pure energy.
The orb spider weaves a glowing orb of energy.
The wavering orb of destruction weakly hits you!
* * * LOW HITPOINT WARNING * * *
You closely miss the orb spider.
Your shield and chain mail "Tanac" prevent you from hitting the orb spider.
The orb spider spins a strand of pure energy.
You sock the orb spider!
The orb spider is moderately wounded.
You sock the orb spider!
The orb spider is severely wounded.
There is a stone staircase leading down here.
The orb spider weaves a glowing orb of energy.
An orb of destruction comes into view.
The orb of destruction hits you!
You die...

#.##.................## ...
##.#.................†# .
#.#.............#.....#
###.##.........##....†..##
..%####.....#####........#
....####.#######s........##
......##.#####...§........#
.........##......§%........#
................@.........#..
........###......#.......####.
........###...####......##
.........####.# ##)...##
#......#.# ### #...##
#...###### ##### #####


You could see an orb spider.

Vanquished Creatures
  Gastronok (Lair:1)
  A ghost moth (Lair:4)
  Fannar (Lair:2)
  6 hydras
  A catoblepas (Lair:6)
  Erica (Lair:1)
  An alligator (Lair:5)
  The ghost of alp the Carver, a novice DsBe of Trog (D:7)
  3 swamp dragons (Lair:5)
  A hill giant (D:8)
  An orb spider (Spider:1)
  2 wolf spiders (Spider:1)
  A manticore (Lair:6)
  4 elephants (Lair:6)
  5 black mambas
  10 spiny frogs
  6 komodo dragons
  4 rime drakes
  6 jumping spiders (Spider:1)
  9 polar bears (Lair:6)
  Prince Ribbit (D:6)
  4 raiju (Lair:6)
  16 blink frogs
  2 slime creatures (Lair:5)
  A dream sheep (Lair:6)
  The ghost of McKennaii the Gusty, an amateur HEAE of Sif Muna (D:5)
  9 hippogriffs
  6 redbacks
  6 yaks
  3 tarantellas (Spider:1)
  A wyvern (Lair:2)
  7 fire bats (Lair:6)
  2 basilisks (Lair:6)
  A hungry ghost (D:8)
  5 wargs (Lair:6)
  A swamp worm (Lair:5)
  14 water moccasins
  A swamp drake (Lair:5)
  6 hell hounds (Lair:6)
  4 porcupines
  Purgy (Sewer)
  2 sky beasts
  4 phantoms
  9 ice beasts
  2 orc warriors
  3 ogres
  14 black bears
  20 wolves
  11 crocodiles
  A big kobold (D:7)
  A centaur (D:7)
  13 bullfrogs
  A gnoll sergeant (D:5)
  5 scorpions
  3 electric eels (Lair:3)
  5 wights (D:9)
  3 howler monkeys (D:8)
  3 crimson imps
  A quasit (D:5)
  Crazy Yiuf (D:4)
  2 bullfrog skeletons
  5 orc priests
  16 hounds
  7 orc wizards
  A centaur skeleton (D:7)
  3 iguanas
  Jessica (D:3)
  7 worker ants
  3 hound skeletons
  5 gnolls (D:5)
  A howler monkey skeleton (D:4)
  10 adders
  3 river rats
  3 shadow imps
  2 oozes
  An adder zombie (D:5)
  3 adder skeletons
  3 worms
  A dart slug (D:1)
  7 leopard geckos
  16 orcs
  6 giant cockroaches
  8 goblins
  3 hobgoblins
  11 jackals
  16 kobolds
  3 quokkas
  4 ball pythons
  20 bats
  13 frilled lizards
  A quokka skeleton (D:4)
  11 rats
  A fungus (D:4)
456 creatures vanquished.

Vanquished Creatures (others)
  A hound (Lair:6)
  2 fungi
  12 plants
15 creatures vanquished.

Grand Total: 471 creatures vanquished

Notes
Turn   | Place    | Note
-------+----------+-------------------------------------------
     0 | D:1      | Queen the Gargoyle Gladiator began the quest for the Orb.
     0 | D:1      | Reached XP level 1. HP: 12/12 MP: 1/1
    65 | D:1      | Reached XP level 2. HP: 16/18 MP: 2/2
   425 | D:1      | Reached XP level 3. HP: 22/22 MP: 3/3
   636 | D:1      | Reached skill level 4 in Maces & Flails
  1034 | D:2      | Reached XP level 4. HP: 23/27 MP: 4/4
  1455 | D:3      | Reached skill level 5 in Maces & Flails
  1758 | D:3      | Reached XP level 5. HP: 24/31 MP: 5/5
  1759 | D:3      | Noticed Jessica
  1774 | D:3      | Killed Jessica
  2014 | D:4      | Reached skill level 6 in Maces & Flails
  2048 | D:4      | Found a sacrificial altar of Ru.
  2121 | D:4      | Found a glowing drain.
  2125 | Sewer    | Entered a sewer
  2130 | Sewer    | Reached XP level 6. HP: 36/36 MP: 6/6
  2202 | Sewer    | Noticed Purgy
  2302 | Sewer    | Killed Purgy
  2516 | D:4      | Reached skill level 7 in Maces & Flails
  2657 | D:4      | Reached XP level 7. HP: 21/40 MP: 7/7
  2700 | D:4      | Got an ichor-stained flail
  2701 | D:4      | Identified the +6 flail of Ozxyps {drain, rC+ MR+ Int-2 Dex+2} (You found it on level 4 of the Dungeon)
  2839 | D:4      | Reached skill level 8 in Maces & Flails
  3050 | D:4      | Found a runed door.
  3055 | D:4      | Noticed Crazy Yiuf
  3057 | D:4      | Paralysed by Crazy Yiuf for 2 turns
  3062 | D:4      | Killed Crazy Yiuf
  3107 | D:5      | Entered Level 5 of the Dungeon
  3244 | D:5      | Reached skill level 9 in Maces & Flails
  3403 | D:5      | Reached XP level 8. HP: 43/45 MP: 8/8
  3413 | D:5      | Found an ancient bone altar of Kikubaaqudgha.
  3663 | D:5      | Reached skill level 10 in Maces & Flails
  3830 | D:5      | Noticed McKennaii's ghost (amateur HEAE)
  3841 | D:5      | Killed McKennaii's ghost
  3941 | D:5      | Found a glowing silver altar of Zin.
  4195 | D:5      | Reached skill level 11 in Maces & Flails
  4316 | D:6      | Reached XP level 9. HP: 43/49 MP: 9/9
  4403 | D:6      | Found a staircase to the Ecumenical Temple.
  4436 | Temple   | Entered the Ecumenical Temple
  4660 | Temple   | Became a worshipper of Warmaster Okawaru
  4993 | D:6      | Reached skill level 12 in Maces & Flails
  5080 | D:7      | Noticed alp's ghost (novice DsBe)
  5082 | D:7      | Noticed Prince Ribbit
  5093 | D:6      | Killed Prince Ribbit
  5191 | D:7      | Reached * piety under Okawaru
  5270 | D:7      | Reached skill level 13 in Maces & Flails
  5321 | D:7      | Killed alp's ghost
  5321 | D:7      | Reached XP level 10. HP: 39/54 MP: 10/10
  5327 | D:7      | Reached ** piety under Okawaru
  5677 | D:7      | Found a shattered altar of Ashenzari.
  5736 | D:7      | Reached skill level 14 in Maces & Flails
  5953 | D:8      | Noticed a hill giant
  5961 | D:8      | Killed a hill giant
  6081 | D:8      | Found a hazy altar of Hepliaklqana.
  6479 | D:9      | Reached *** piety under Okawaru
  6653 | D:9      | Found a staircase to the Lair.
  6658 | D:9      | Reached skill level 15 in Maces & Flails
  6664 | Lair:1   | Entered Level 1 of the Lair of Beasts
  6742 | Lair:1   | Received a gift from Okawaru
  6806 | Lair:1   | Reached XP level 11. HP: 51/58 MP: 11/11
  6915 | Lair:1   | Noticed Erica
  6938 | Lair:1   | Killed Erica
  6938 | Lair:1   | Reached **** piety under Okawaru
  7031 | Lair:1   | Noticed Gastronok
  7052 | Lair:1   | Killed Gastronok
  7052 | Lair:1   | Reached skill level 16 in Maces & Flails
  7195 | Lair:1   | Reached ***** piety under Okawaru
  7583 | Lair:2   | Noticed Fannar
  7584 | Lair:2   | Noticed a five-headed hydra
  7647 | Lair:2   | Killed Fannar
  7647 | Lair:2   | Reached skill level 17 in Maces & Flails
  7816 | Lair:2   | Found a frozen archway.
  7882 | Lair:2   | Received a gift from Okawaru
  7960 | IceCv    | Entered an ice cave
  8259 | Lair:2   | Reached XP level 12. HP: 52/63 MP: 12/12
  8616 | Lair:2   | Reached skill level 18 in Maces & Flails
  9128 | Lair:3   | Received a gift from Okawaru
  9145 | Lair:3   | Found a staircase to the Swamp.
  9866 | Lair:4   | Noticed a five-headed hydra
  9881 | Lair:4   | Killed a five-headed hydra
 10055 | Lair:4   | Found a hole to the Spider Nest.
 10149 | Lair:4   | Reached ****** piety under Okawaru
 10165 | Lair:4   | Received a gift from Okawaru
 10180 | Lair:4   | Reached skill level 19 in Maces & Flails
 10683 | Lair:5   | Noticed a six-headed hydra
 10697 | Lair:5   | Killed a six-headed hydra
 10697 | Lair:5   | Received a gift from Okawaru
 10953 | Lair:5   | Noticed a seven-headed hydra
 10966 | Lair:5   | Killed a seven-headed hydra
 11100 | Lair:5   | Reached XP level 13. HP: 68/68 MP: 13/13
 11233 | Lair:5   | Reached skill level 20 in Maces & Flails
 11923 | Lair:5   | Got a heavily runed chain mail
 11934 | Lair:5   | Identified the +6 chain mail "Tanac" {rC++ Slay+3} (You found it on level 5 of the Lair of Beasts)
 11983 | Lair:6   | Entered Level 6 of the Lair of Beasts
 12084 | Lair:6   | Received a gift from Okawaru
 12431 | Lair:6   | Found a viscous altar of Jiyva.
 12431 | Lair:6   | Found a staircase to the Slime Pits.
 12524 | Lair:6   | Received a gift from Okawaru
 13064 | Lair:6   | Reached skill level 21 in Maces & Flails
 13302 | Lair:6   | Received a gift from Okawaru
 13358 | Lair:6   | Gained mutation: Your large and strong wings let you fly indefinitely. [Gargoyle growth]
 13358 | Lair:6   | Reached XP level 14. HP: 72/72 MP: 14/14
 13413 | Lair:6   | Reached skill level 1 in Armour
 13777 | Lair:6   | Reached skill level 5 in Armour
 14074 | Spider:1 | Entered Level 1 of the Spider Nest
 14210 | Lair:4   | Killed a ghost moth
 14689 | Spider:1 | Blown up by an orb spider

Skill      XL: |  1  2  3  4  5  6  7  8  9 10 11 12 13 14 |
---------------+-------------------------------------------+-----
Throwing       | 2 |  2.0
Maces & Flails | 4 5 6 7 9 11 13 15 17 19 21 | 21.4
Armour         | 7 |  7.9
Fighting       | |  2.3
Dodging        | |  2.4

Action                   |  1- 3 |  4- 6 |  7- 9 | 10-12 | 13-15 || total
-------------------------+-------+-------+-------+-------+-------++-------
Melee: Flail             |   124 |   291 |   243 |   677 |   611 ||  1946
Throw: Throwing net      |       |     4 |       |       |       ||     4
Invok: Heroism           |       |       |       |     2 |     3 ||     5
  Use: Scroll            |       |     8 |     4 |    10 |     6 ||    28
       Potion            |       |       |       |       |     5 ||     5
 Stab: Petrified         |       |       |       |       |     3 ||     3
  Eat: Chunk             |     1 |     5 |     7 |    14 |     6 ||    33
       Meat ration       |       |       |     1 |     1 |     1 ||     3
Armor: Leather armour    |    45 |       |       |       |       ||    45
       Scale mail        |    27 |   227 |   131 |    43 |       ||   428
       Plate armour      |       |       |       |   367 |    89 ||   456
       Chain mail        |       |       |       |       |   528 ||   528
Dodge: Dodged            |   106 |   175 |   121 |   161 |   158 ||   721
Block: Buckler           |       |       |       |    67 |       ||    67
       Shield            |       |       |       |    11 |   271 ||   282
